 Dungeon Crawl Stone Soup version 0.30-a0-760-g5a9884bb7c (webtiles) character file.

Game seed: 7375231236717433489

94 kingofthe the Sneak (level 4, -2/27 HPs)
             Began as an Octopode Fire Elementalist on Feb 11, 2023.
             Slain by an orc
             ... wielding a +0 dagger
              (5 damage)
             ... on level 3 of the Dungeon.
             The game lasted 00:04:48 (2546 turns).

kingofthe the Sneak (Octopode Fire Elementalist)    Turns: 2546, Time: 00:04:49

Health: -2/27      AC:  1    Str:  7    XL:     4   Next: 63%
Magic:  3/8        EV: 13    Int: 17    God:
Gold:   183        SH:  0    Dex: 14    Spells: 6/9 levels left

rFire   + . .      SeeInvis .    p - staff of fire
rCold   . . .      Faith    .    (no shield)
rNeg    . . .      Spirit   .    (helmet restricted)
rPois   .          Reflect  .    (no amulet)
rElec   .          Harm     .    (no ring)
rCorr   .          Rampage  .    (no ring)
Will    .....                    (no ring)
Stlth   +++                      (no ring)
HPRegen 0.24/turn                (no ring)
MPRegen 0.11/turn                (no ring)
                                 (no ring)
                                 (no ring)

@: brilliant
A: almost no armour, amphibious, 8 rings, camouflage 1, gelatinous body 1,
(nimble swimmer 1), tentacles
a: no special abilities


You were on level 3 of the Dungeon.
You visited 1 branch of the dungeon, and saw 3 of its levels.

You collected 183 gold pieces.

Inventory:

Hand Weapons
 d - a +4 short sword of holy wrath
 h - a +3 club
Magical Staves
 p - a staff of fire (weapon)
Scrolls
 e - 2 scrolls of identify {unknown}
 g - a scroll of immolation {unknown}
 j - 4 scrolls of teleportation {unknown}
 k - a scroll of magic mapping {unknown}
 n - a scroll of butterflies {unknown}
 o - a scroll of poison {unknown}
 s - a scroll of amnesia {unknown}
Potions
 a - a potion of magic
 b - a potion of flight {unknown}
 c - a potion of brilliance
 f - a potion of haste {unknown}
 i - a potion of ambrosia {unknown}
 l - a potion of might {unknown}
 m - 2 potions of invisibility {unknown}
 q - a potion of lignification {unknown}
 r - a potion of curing {unknown}


   Skills:
 + Level 2.6 Dodging
 + Level 3.6 Stealth
 * Level 3.0 Spellcasting
 + Level 1.8 Conjurations
 + Level 3.4 Fire Magic


You had 6 spell levels left.
You knew the following spells:

 Your Spells              Type           Power      Damage    Failure   Level
a - Foxfire               Conj/Fire      100%       2x1d9     6%          1
b - Scorch                Fire           64%        2d8       6%          2

Your spell library contained the following spells:

 Spells                   Type           Power      Damage    Failure   Level
 Inner Flame              Hex/Fire       18%        N/A       26%         3
 Kindle Blastsparks       Fire/Tloc/Air  28%        2d12      32%         3
 Flame Wave               Conj/Fire      25%        2d8       52%         4


Dungeon Overview and Level Annotations

Branches:
Dungeon (3/15)

Altars:
Fedhas

Shops:
D:3 ([


Innate Abilities, Weirdness & Mutations

You cannot wear most types of armour.
You are amphibious.
You can wear up to eight rings at the same time.
Your skin changes colour to match your surroundings (Stealth+).
Your rubbery body absorbs attacks. (AC +1, EV +1)
((You are camouflaged when in or above water. (Stealth+)))
You have tentacles for arms and can constrict up to eight enemies at once.


Message History

Nothing appears to happen.
The orc hits you with a +0 dagger.
Casting: Scorch (safe; 6% risk of failure)
Confirm with . or Enter, or press ? or * to list all spells.
You feel a surge of power!
Flames lash the orc.
The orc is lightly wounded.
The orc's fire resistance burns away.
The orc priest looks braver for a moment.
The orc misses you. The orc attacks as you move away!
The orc barely misses you.
An orc priest comes into view. It is wielding a +0 whip.
An orc comes into view. It is wielding a +0 club.
You feel a surge of power!
You conjure some foxfire!
The orc is no longer more vulnerable to fire.
The orc barely misses you. The orc attacks as you move away!
The orc closely misses you.
The foxfire hits the orc.
The orc is lightly wounded.
The foxfire hits the orc but does no damage.
The orc is lightly wounded.
The orc priest invokes the aid of Beogh against you.
Beogh smites you!
* * * LOW HITPOINT WARNING * * *
It was a potion of brilliance.
You feel clever all of a sudden.
Your magical contamination has completely faded away.
The orc priest miscasts a cantrip.
The orc closely misses you.
You are too injured to fight recklessly!
The orc attacks as you move away! The orc closely misses you.
The orc priest looks encouraged for a moment.
Casting: Foxfire (safe; 6% risk of failure)
Confirm with . or Enter, or press ? or * to list all spells.
You feel a strong surge of power!
You conjure some foxfire!
The foxfire hits the orc.
The orc is moderately wounded.
The foxfire hits the orc.
The orc is severely wounded.
The orc priest casts a cantrip, but nothing happens.
The orc hits you with a +0 dagger.
You die...

..###........... #.###########..#
..#_#........... #.#............#
..#^#.......... #.##.#########.#
.##.#..###########.##.# #.#
.................#.##.# ###.#
.#......########.#.##.# ### #....
...........#..........# #.# #.##.
#.......#..........######.# #.#..
...##.#.#.....ยง.@.........#
#.#..
#.###.#.##.#....o########.###.#..
#.# #.#.##.####..# #........ #.#
#....#...##o.########..##.##. #.#
######.####......##.......... #.#
#.# #o####.#####.###.## ..# #.#
#o# #.#####.# #.# ### #.# #.#
#^#.....# #.## #.# #.# ..#.#####
#...


You could see 2 orc priests and 2 orcs.

Vanquished Creatures
  Jessica (D:2)
  2 adders (D:2)
  2 worms (D:2)
  A dart slug (D:1)
  5 ball pythons
  2 endoplasms (D:2)
  A giant cockroach (D:3)
  4 goblins
  6 hobgoblins
  2 jackals (D:2)
  6 kobolds
  4 bats
  2 frilled lizards (D:1)
  4 rats
42 creatures vanquished.

Vanquished Creatures (others)
  132 foxfires
132 creatures vanquished.

Grand Total: 174 creatures vanquished

Notes
Turn   | Place    | Note
-------+----------+-------------------------------------------
     0 | D:1      | kingofthe the Octopode Fire Elementalist began the quest
                  | for the Orb.
     0 | D:1      | Reached XP level 1. HP: 11/11 MP: 3/3
   156 | D:1      | Reached XP level 2. HP: 17/17 MP: 0/5
   627 | D:1      | Reached XP level 3. HP: 21/21 MP: 0/6
  1173 | D:2      | Noticed Jessica
  1180 | D:2      | Killed Jessica
  1383 | D:2      | Reached XP level 4. HP: 27/27 MP: 5/8
  1974 | D:3      | Found Giabaa's Armour Shoppe.
  2053 | D:3      | Learned a level 2 spell: Scorch
  2160 | D:3      | Found a blossoming altar of Fedhas.
  2214 | D:3      | Found Yviveig's Antique Weapon Boutique.
  2354 | D:3      | Found a faded altar of an unknown god.
  2546 | D:3      | Slain by an orc

Illustrated notes

Levels and vault maps discovered:
D:1:      nicolae_arrival_washed_ashore, layout_basic, grunt_decor_arrowhead,
          minmay_misc_feat_cross
D:2:      layout_rooms, chequers_serial_rivers_small_3, uniq_jessica
D:3:      layout_basic, mainiacjoe_overflow_alcove_2,
          gammafunk_temple_overflow_claw,
          hellmonk_ecumenical_altar_leap_of_faith, serial_shops, shop,
          nicolae_shop_hallway_stairs

Skill      XL: |  1  2  3  4 |
---------------+-------------+-----
Stealth        | 3 |  3.6
Spellcasting   | 3 |  3.0
Dodging        | |  2.6
Conjurations   | |  1.8
Fire Magic     | |  3.4

Action                     |  1- 3 |  4- 6 || total
---------------------------+-------+-------++-------
  Melee: Short sword       |     9 |     8 ||    17
         Constrict         |     3 |     2 ||     5
         Tentacles         |     2 |       ||     2
         Staff             |       |     2 ||     2
   Cast: Foxfire           |    46 |    31 ||    77
         Scorch            |       |     1 ||     1
    Use: Potion            |       |     1 ||     1
 Armour: Skin              |       |     1 ||     1
  Dodge: Dodged            |    13 |     9 ||    22

Table legend: (Time is in decaauts)
 A = Elapsed time spent in this place.
 B = Non-inter-level travel time spent in this place.
 C = Inter-level travel time spent in this place.
 D = Time resting spent in this place.
 E = Time spent auto-exploring this place.
 F = Levels seen in this place.
 G = Mean time per level.
                   A        B        C        D        E       F      G
               +--------+--------+--------+--------+--------+-----+--------+
         Total |   2546 |   2440 |    106 |     87 |   2049 |   3 |  848.7 |
       Dungeon |   2546 |   2440 |    106 |     87 |   2049 |   3 |  848.7 |
               +--------+--------+--------+--------+--------+-----+--------+

Top non-repeatable levels by time:
     D:1: 1234 daAuts
     D:2: 756 daAuts
     D:3: 556 daAuts
